 Dungeon Crawl Stone Soup version 0.23-a0-108-gf7ee2ed (webtiles) character file.

10 Amnesiac the Gusty (level 2, -3/19 HPs)
             Began as a Mummy Air Elementalist on Aug 21, 2018.
             Slain by an ogre
             ... wielding a cursed +0 giant club
              (22 damage)
             ... on level 4 of the Dungeon.
             The game lasted 00:00:56 (266 turns).

Amnesiac the Gusty (Mummy Air Elementalist)          Turns: 266, Time: 00:00:57

Health: -3/19      AC:  2    Str: 11    XL:     2   Next: 10%
Magic:  3/5        EV: 12    Int: 14    God:
Gold:   0          SH:  0    Dex: 12    Spells: 3/6 levels left

rFire    x . .     SeeInvis .   (no weapon)
rCold    + . .     Gourm    .   (no shield)
rNeg     + + +     Faith    .   a - +0 robe
rPois    ∞         Spirit   .   (no helmet)
rElec    .         Reflect  .   (no cloak)
rCorr    .         Harm     .   (no gloves)
MR       .....                  (no boots)
Stlth    ++........             (no amulet)
HPRegen  0.06/turn              (no ring)
MPRegen  0.09/turn              (no ring)

@: swift, quick
A: no food or potions, fire vulnerability, cold resistance 1, negative energy
resistance 3, torment resistance, unbreathing
a: no special abilities


You were on level 4 of the Dungeon.
You were not hungry.

You visited 1 branch of the dungeon, and saw 4 of its levels.

Inventory:

Armour
 a - a +0 robe (worn)
Scrolls
 b - a scroll of identify {!r, unknown}


   Skills:
 - Level 1.5 Dodging
 - Level 1.5 Stealth
 + Level 2.8 Spellcasting
 - Level 0.7 Conjurations
 * Level 2.9 Air Magic


You had 3 spell levels left.
You knew the following spells:

 Your Spells              Type           Power        Failure   Level  Hunger
a - Shock                 Conj/Air       #...         11%         1    N/A
z - Swiftness             Chrm/Air       #.......     19%         2    N/A

Your spell library contained the following spells:

 Spells                   Type           Power        Failure   Level  Hunger
 Static Discharge         Conj/Air       #.......     30%         3    N/A
 Airstrike                Air            ##........   54%         4    N/A
 Lightning Bolt           Conj/Air       #.........   96%         5    N/A

Dungeon Overview and Level Annotations

Branches:
Dungeon (4/15)
 Temple: D:4-7

Altars:

Annotations:
D:4 Ijyb


Innate Abilities, Weirdness & Mutations

You do not eat or drink.
Your flesh is vulnerable to fire.
You are immune to poison.
Your flesh is cold resistant. (rC+)
You are immune to negative energy. (rN+++)
You are immune to unholy pain and torment.
You can survive without breathing.


Message History

Press: ? - help, Shift-Dir - straight line The zap hits the jackal.
The jackal is almost dead.
The zap hits the jackal.
You kill the jackal!
The zap hits the jackal.
You kill the jackal!
You have reached level 2!
The bat barely misses you.
Casting: Shock (safe; 11% risk of failure)
Confirm with . or Enter, or press ? or * to list all spells.
Aiming: Shock (safe; 11% risk of failure)
Press: ? - help, Shift-Dir - straight line, f - bat
Aim: a bat The zap hits the bat.
The bat is severely wounded.
The bat misses you.
Unknown command.
You barely miss the bat.
The bat is severely wounded.
The bat completely misses you.
You hit the bat.
You kill the bat!
You start resting.
HP restored.
You see here a bat corpse.
You see here a jackal corpse.
You see here a scale mail.
You see here an orange potion {!q}.
There is an escape hatch in the floor here.
You start resting.
Magic restored.
You slide downwards.
The hatch slams shut behind you.
A bat comes into view.
Found a stone staircase leading down.
Casting: Shock (safe; 11% risk of failure)
Confirm with . or Enter, or press ? or * to list all spells.
Aiming: Shock (safe; 11% risk of failure)
Press: ? - help, Shift-Dir - straight line The zap hits the bat.
You kill the bat!
Unknown command.
There is a stone staircase leading down here.
You start resting.
Magic restored.
You climb downwards.
There is a stone staircase leading up here.
Memorise Swiftness, consuming 2 spell levels and leaving 3?
You start memorising the spell.
You continue memorising. x2
You finish memorising.
Spell assigned to 'z'.
Ijyb the Twisted Goblin comes into view.
She is wielding a club.
Ijyb shouts!
You hear a shout!
An ogre comes into view. It is wielding a giant club. x2
There is a stone staircase leading up here.
Found a ration and a rapier.
Found an emerald potion.
Found a long sword and a scroll labeled PAISYM SIROAF.
Found a whip.
Found a stone staircase leading down.
Found a smoky silvery potion.
Casting: Shock (safe; 11% risk of failure)
Confirm with . or Enter, or press ? or * to list all spells.
You feel quick. The ogre hits you with a giant club!!
Ouch! That really hurt!
You die...

... ...!....
.....>. #.#...#
#.#...# #.#...# #
#.#...#.#
#@#...#.##.
#.O........
#########...####
#.<.....##.)####
##.#####.##g....#
#...#..g%..#.##)#
#......#.......# #
##...###..#.#......
##.## #..#....)!?.


You could see an ogre and Ijyb.

Vanquished Creatures
  3 bats
  A hobgoblin (D:1)
  4 jackals (D:2)
  A rat (D:2)
9 creatures vanquished.

Notes
Turn   | Place    | Note
-------+----------+-------------------------------------------
     0 | D:1      | Amnesiac the Mummy Air Elementalist began the quest for the Orb.
     0 | D:1      | Reached XP level 1. HP: 13/13 MP: 4/4
   195 | D:2      | Reached XP level 2. HP: 18/19 MP: 1/5
   250 | D:4      | Learned a level 2 spell: Swiftness
   251 | D:4      | Noticed Ijyb
   251 | D:4      | Noticed an ogre
   251 | D:4      | Noticed an ogre
   266 | D:4      | Slain by an ogre

Vault maps used:
D:1:      dpeg_arrival_arbitrary_c
D:4:      first_ration, uniq_ijyb, uniq_pikel, uniq_menkaure

Action                   || total
-------------------------++-------
Melee: Unarmed           ||     2
 Cast: Shock             ||    12
       Swiftness         ||     1
Armor: Robe              ||     1
Dodge: Dodged            ||     4

Table legend:
 A = Non-vault XP
 B = Vault XP
 C = Vault XP percentage of total XP
 D = Non-vault monster count
 E = Vault monster count
 F = Vault count percentage of total count
                 A         B        C        D         E       F
            +---------+---------+-------+---------+---------+-------
      Total |      15 |       0 |   0.0 |       9 |       0 |   0.0
            +---------+---------+-------+---------+---------+-------
        D:1 |       4 |       0 |   0.0 |       2 |       0 |   0.0
        D:2 |      10 |       0 |   0.0 |       6 |       0 |   0.0
        D:3 |       1 |       0 |   0.0 |       1 |       0 |   0.0
            +---------+---------+-------+---------+---------+-------
